 Dungeon Sprint DCSS version 0.30-a0-937-ga0a21ad780 (webtiles) character file.

Game seed: 4628329110045832703

3423 dialectric the Carver (level 10, 0/108 HPs)
             Began as a Gargoyle Fighter on Mar 24, 2023.
             Was an Elder of Trog.
             Slain by a deep troll (10 damage)
             ... in the Dungeon (Sprint II: "The Violet Keep of Menkaure").
             The game lasted 00:05:52 (894 turns).

dialectric the Carver (Gargoyle Fighter)             Turns: 894, Time: 00:05:52

Health: 0/108      AC: 25    Str: 21    XL:     10   Next: 5%
Magic:  10/10      EV: 15    Int:  8    God:    Trog [****..]
Gold:   119        SH:  0    Dex: 13    Spells: 9/9 levels left

rFire   . . .      SeeInvis +    a - +0 long sword
rCold   . . .      Faith    .    (no shield)
rNeg    + . .      Spirit   .    k - +0 chain mail
rPois   ∞          Reflect  .    g - +2 helmet {SInv}
rElec   +          Rampage  .    (no cloak)
rCorr   .          NoTele   +    v - +0 pair of gloves
Will    .....                    (no boots) Stlth
                                 d - amulet of the acrobat
HPRegen 0.38/turn                w - +5 ring of evasion
MPRegen 0.12/turn                (no ring)

@: berserking, very quick
A: sickness immunity, AC +7, negative energy resistance 1, electricity
resistance, torment resistance 1, petrification resistance
a: Renounce Religion, Berserk, Trog's Hand, Brothers in Arms


You were in the Dungeon.
You worshipped Trog.
Trog was greatly pleased with you.
You visited 1 branch You collected 934 gold pieces.
You spent 815 gold pieces at shops.

Inventory:

Hand Weapons
 a - a +0 long sword (weapon)
Missiles
 q - 4 curare-tipped darts (quivered)
Armour
 c - a +0 buckler
 g - a +2 helmet of see invisible (worn)
 k - a +0 chain mail (worn)
 v - a +0 pair of gloves (worn)
Jewellery
 d - an amulet of the acrobat (around neck)
 w - a +5 ring of evasion (left hand)
Scrolls
 j - 2 scrolls of fear
 m - 2 scrolls of poison {unknown}
 n - 6 scrolls of identify {unknown}
 s - a scroll of immolation {unknown}
 t - a scroll of enchant armour {unknown}
 u - a scroll of blinking
Potions
 b - 2 potions of heal wounds
 e - a potion of curing
 f - 3 potions of flight {unknown}
 h - 5 potions of magic
 i - a potion of berserk rage
 l - 4 potions of degeneration {unknown}
 o - a potion of attraction {unknown}
 p - a potion of lignification {unknown}
 r - 3 potions of resistance {unknown}


   Skills:
 + Level 12.9 Fighting
 * Level 13.6 Long Blades
 - Level 1.0 Throwing
 + Level 13.0 Armour
 - Level 5.0 Dodging
 + Level 1.3 Stealth
 - Level 3.2 Shields


You had 9 spell levels left.
You didn't know any spells.
Your spell library was empty.

Dungeon Overview and Level Annotations

Branches:
Dungeon (1/1)

Altars:
Cheibriados
Dithmenos
Elyvilon
Fedhas
Gozag
Hepliaklqana
Kikubaaqudgha
Makhleb
Nemelex Xobeh
Okawaru
Qazlal
Ru
Sif Muna
Trog
Uskayaw
Vehumet
Wu Jian
Xom
Yredelemnul
Zin
The Shining One
Jiyva
Lugonu

Shops:
D ?[:?:=*?(=!![[=

Annotations:
D exclusion: oklob plant


Innate Abilities, Weirdness & Mutations

You are immune to sickness and miasma.
Your stone body is resilient. (AC +7)
You are immune to poison.
You resist negative energy. (rN+)
You are resistant to electric shocks. (rElec)
You are resistant to unholy torment.
You are immune to petrification.


Message History

The deep troll barely misses you.
The deep troll claws you but does no damage.
The deep troll claws you.
You hit the deep troll.
The deep troll is lightly wounded.
The deep troll misses you.
The deep troll completely misses you. x2
The deep troll bites you! The deep troll claws you!
The deep troll claws you but does no damage.
You closely miss the deep troll.
The deep troll is lightly wounded.
You hit the deep troll.
The deep troll is lightly wounded.
You hit the deep troll.
The deep troll is moderately wounded.
The deep troll bites you.
The deep troll claws you but does no damage.
The deep troll completely misses you. The deep troll bites you!
The deep troll claws you.
* * * LOW HITPOINT WARNING * * *
The deep troll barely misses you.
You slash the deep troll!
The deep troll is moderately wounded.
You slash the deep troll!
The deep troll is heavily wounded.
The deep troll bites you.
* * * LOW HITPOINT WARNING * * *
The deep troll closely misses you. x2; The deep troll completely misses you.
The deep troll barely misses you. The deep troll claws you!
* * * LOW HITPOINT WARNING * * *
You slice the deep troll!!
The deep troll is almost dead.
You closely miss the deep troll.
The deep troll is almost dead.
The deep troll bites you.
* * * LOW HITPOINT WARNING * * *
The deep troll claws you.
* * * LOW HITPOINT WARNING * * *
The deep troll claws you but does no damage.
The deep troll bites you!
You die...

.##†#▓[(....([▓▓
..†##▓▓▓▓▓▓▓'▓▓▓▓+▓
~~~~~~~~~~~~.w─≈≈≈▓
#'########'###wXw≈▓
#_._._...#~~~##≈≈≈▓
#._._._._#~~≈≈####▓▓
#_._._._.#~§§~≈##$$#
#._._._._#~§§≈§§#§§#
#.._._._.#~§~§§§@T§+
#..._._._#~~§~≈§#T§#
#...._._.#~~§≈≈§▓$$#
#....._..#§§§§▓▓▓▓▓▓
##########~§§§▓
#~~~~~~~~~§≈≈≈▓
#####≈▓▓▓▓ #▓


You could see 2 deep trolls.

Vanquished Creatures
  2 death drakes (D)
  A merfolk siren (D)
  3 polar bears (D)
  A blink frog (D)
  A hornet (D)
  Menkaure (D)
  4 water moccasins (D)
  2 swamp drakes (D)
  4 scorpions (D)
  3 worms (D)
22 creatures vanquished.

Vanquished Creatures (others)
  A yaktaur (D)
  16 tentacles (D)
17 creatures vanquished.

Grand Total: 39 creatures vanquished

Notes
Turn   | Place    | Note
-------+----------+-------------------------------------------
     0 | D        | dialectric the Gargoyle Fighter began the quest for the
                  | Orb.
     0 | D        | Reached XP level 1. HP: 14/14 MP: 1/1
     8 | D        | Noticed a scorpion
     8 | D        | Noticed a scorpion
    16 | D        | Killed a scorpion
    17 | D        | Reached skill level 5 in Fighting
    17 | D        | Reached skill level 5 in Armour
    17 | D        | Reached XP level 2. HP: 19/22 MP: 2/2
    17 | D        | Reached XP level 3. HP: 23/27 MP: 3/3
    17 | D        | Reached XP level 4. HP: 27/32 MP: 4/4
    22 | D        | Killed a scorpion
    26 | D        | Noticed a boulder beetle
    26 | D        | Noticed a boulder beetle
    33 | D        | Reached XP level 5. HP: 22/37 MP: 5/5
    39 | D        | Noticed a merfolk siren
    49 | D        | Killed a merfolk siren
    50 | D        | Reached XP level 6. HP: 13/48 MP: 6/6
    50 | D        | Reached XP level 7. HP: 14/52 MP: 7/7
    82 | D        | Reached skill level 10 in Fighting
    85 | D        | Found an iron altar of Okawaru.
    85 | D        | Found an opulent altar of Gozag.
    86 | D        | Found a sparkling altar of Nemelex Xobeh.
    86 | D        | Found a blossoming altar of Fedhas.
    87 | D        | Found a radiant altar of Vehumet.
    87 | D        | Found a burning altar of Makhleb.
    87 | D        | Found a white marble altar of Elyvilon.
    88 | D        | Found a hide-covered altar of Uskayaw.
    88 | D        | Found a corrupted altar of Lugonu.
    88 | D        | Found a shadowy altar of Dithmenos.
    89 | D        | Found a glowing silver altar of Zin.
    89 | D        | Found a bloodstained altar of Trog.
    89 | D        | Found an ancient bone altar of Kikubaaqudgha.
    90 | D        | Found a basalt altar of Yredelemnul.
    90 | D        | Found a shimmering blue altar of Sif Muna.
    90 | D        | Found a viscous altar of Jiyva.
    91 | D        | Found a shimmering altar of Xom.
    91 | D        | Found a sacrificial altar of Ru.
    93 | D        | Found a glowing golden altar of the Shining One.
    93 | D        | Found an ornate altar of the Wu Jian Council.
    93 | D        | Found a stormy altar of Qazlal.
    93 | D        | Found a snail-covered altar of Cheibriados.
    93 | D        | Found a hazy altar of Hepliaklqana.
    98 | D        | Became a worshipper of Trog the Wrathful
   109 | D        | Noticed a kraken
   126 | D        | Found the +4 skin of Zhor {*Englaciate rC+++ SInv}
   215 | D        | Noticed a yaktaur
   215 | D        | Noticed a hornet
   215 | D        | Noticed a polar bear
   215 | D        | Noticed a polar bear
   216 | D        | Noticed a polar bear
   262 | D        | Found Paelo's Distillery.
   262 | D        | Found Qaomagan's Antique Weapon Boutique.
   262 | D        | Found Qurghybur's Jewellery Boutique.
   262 | D        | Found Zedghoemu's Jewellery Shop.
   262 | D        | Found Unnohu's Distillery.
   262 | D        | Found Cotodokloe's Magic Scroll Shop.
   262 | D        | Found Zosorotu's Antique Armour Boutique.
   262 | D        | Found Nesoat's Antique Armour Boutique.
   263 | D        | Found Ganug's General Store.
   263 | D        | Found Kiywnol's Jewellery Boutique.
   264 | D        | Noticed a redback
   265 | D        | Found Waifuent's Book Boutique.
   265 | D        | Found Ryufoc's Magic Scroll Shop.
   265 | D        | Noticed Menkaure
   265 | D        | Noticed a redback
   265 | D        | Noticed an oklob plant
   266 | D        | Found Icyhy's Armour Shop.
   266 | D        | Found Falucsiq's Magic Scroll Boutique.
   266 | D        | Found Plog's Book Shoppe.
   281 | D        | Killed Menkaure
   281 | D        | Reached * piety under Trog
   282 | D        | Reached skill level 10 in Armour
   386 | D        | Bought a runed helmet for 202 gold pieces
   414 | D        | Bought a +0 pair of gloves for 63 gold pieces
   448 | D        | Killed a polar bear
   449 | D        | Reached skill level 1 in Stealth
   449 | D        | Reached XP level 8. HP: 43/60 MP: 8/8
   475 | D        | Bought a potion of heal wounds for 50 gold pieces
   490 | D        | Bought a scroll of fear for 40 gold pieces
   492 | D        | Bought a +5 ring of evasion for 360 gold pieces
   496 | D        | Bought a potion of heal wounds for 50 gold pieces
   496 | D        | Bought a potion of heal wounds for 50 gold pieces
   504 | D        | Noticed a blink frog
   531 | D        | Killed a blink frog
   587 | D        | Killed a polar bear
   587 | D        | Reached ** piety under Trog
   588 | D        | Reached skill level 10 in Long Blades
   592 | D        | Killed a yaktaur
   673 | D        | Killed a hornet
   674 | D        | Reached skill level 5 in Dodging
   674 | D        | Reached XP level 9. HP: 42/65 MP: 9/9
   690 | D        | Killed a polar bear
   731 | D        | Noticed a death drake
   732 | D        | Noticed a death drake
   766 | D        | Killed a death drake
   767 | D        | Reached skill level 1 in Throwing
   798 | D        | Killed a death drake
   798 | D        | Reached *** piety under Trog
   853 | D        | Reached XP level 10. HP: 48/72 MP: 10/10
   867 | D        | Reached **** piety under Trog
   884 | D        | Noticed a deep troll
   884 | D        | Noticed a deep troll
   894 | D        | Slain by a deep troll

Illustrated notes

Levels and vault maps discovered:
D:        the_violet_keep_of_menkaure [sprint2_stairs_cluster_1,
          sprint2_shoproom, sprint2_temple, sprint2_basic_supplies,
          sprint2_obstacle_3, sprint2_obstacle_2, sprint2_obstacle_1,
          sprint2_obstacle_7, sprint2_obstacle_6, sprint2_timed_cluster_1,
          sprint2_smallroom_cluster_1, sprint2_smallroom_final_cluster_1,
          sprint2_transparent_cluster_1, sprint2_second_timed_cluster_1,
          sprint2_sniper_area_1, sprint2_heavy_combat_area_1,
          sprint2_mutation_trap_area_1, sprint2_forest_area_1,
          sprint2_light_combat_area_1, sprint2_behind_water_1,
          sprint2_near_end_vault_1]

Skill      XL: |  1  2  3  4  5  6  7  8  9 |
---------------+----------------------------+-----
Fighting       | 5 6 9 11 12 | 12.9
Long Blades    | 2 3 6 9 11 13 | 13.6
Armour         | 5 6 9 10 11 13 | 13.0
Dodging        | 2 3 4 5 |  5.0
Stealth        | 1 |  1.3
Throwing       | 1 |  1.0
Shields        | |  3.2

Action                     |  1- 3 |  4- 6 |  7- 9 | 10-12 || total
---------------------------+-------+-------+-------+-------++-------
  Melee: Long sword        |     7 |    19 |   217 |    23 ||   266
         Punch             |       |       |     3 |       ||     3
  Throw: Dart              |       |       |     1 |       ||     1
 Invoke: Berserk           |       |       |     3 |     1 ||     4
    Use: Potion            |     1 |       |     4 |       ||     5
         Scroll            |       |       |     2 |       ||     2
 Armour: Scale mail        |     5 |     4 |    29 |       ||    38
         Chain mail        |       |       |   109 |    14 ||   123
  Dodge: Dodged            |     3 |     6 |   210 |    29 ||   248

Table legend: (Time is in decaauts)
 A = Elapsed time spent in this place.
 B = Non-inter-level travel time spent in this place.
 C = Inter-level travel time spent in this place.
 D = Time resting spent in this place.
 E = Time spent auto-exploring this place.
 F = Levels seen in this place.
 G = Mean time per level.
                   A        B        C        D        E       F      G
               +--------+--------+--------+--------+--------+-----+--------+
         Total |    915 |    915 |      0 |     96 |     75 |   1 |  915.0 |
       Dungeon |    915 |    915 |      0 |     96 |     75 |   1 |  915.0 |
               +--------+--------+--------+--------+--------+-----+--------+

Top non-repeatable levels by time:
       D: 915 daAuts
